 Dungeon Crawl Stone Soup version 0.27-a0-216-g1fbed8a51c (webtiles) character file.

Game seed: 15554374068045055373

163 vurker the Chopper (level 5, -5/41 (47) HPs)
             Began as a Minotaur Chaos Knight on Jan 31, 2021.
             Slain by a gnoll
             ... wielding a +0 flail
              (7 damage)
             ... on level 2 of the Dungeon.
             The game lasted 00:02:45 (1554 turns).

vurker the Chopper (Minotaur Chaos Knight)          Turns: 1554, Time: 00:02:45

HP:   -5/41 (47)    AC:  5    Str: 18    XL:     5   Next: 20%
MP:   4/4           EV:  8    Int:  9    God:
Gold: 87            SH:  7    Dex:  9    Spells: 4/4 levels left

rFire    . . .     SeeInvis .   a - +0 hand axe (chaos)
rCold    + . .     Faith    .   f - +0 kite shield
rNeg     . . .     Spirit   .   b - +2 leather armour
rPois    .         Reflect  .   (helmet restricted)
rElec    .         Harm     .   (no cloak)
rCorr    .         Rampage  .   (no gloves)
Will     .....                  (no boots)
Stlth    +.........             (no amulet)
HPRegen  0.13/turn              j - ring of protection from cold
MPRegen  0.09/turn              (no ring)

@: heavily drained
A: retaliatory headbutt, horns 2
a: no special abilities


You were on level 2 of the Dungeon.
You visited 1 branch of the dungeon, and saw 2 of its levels.

You collected 87 gold pieces.

Inventory:

Hand Weapons
 a - a +0 hand axe of chaos (weapon)
Armour
 b - a +2 leather armour (worn)
 f - a +0 kite shield (worn)
   (You found it on level 1 of the Dungeon)
Jewellery
 j - a ring of protection from cold (left hand)
   (You found it on level 2 of the Dungeon)
Scrolls
 c - a scroll of enchant armour {unknown}
 e - 3 scrolls of identify {unknown}
 g - a scroll of remove curse {unknown}
 h - a scroll of noise {unknown}
 i - a scroll of enchant weapon {unknown}
 k - a scroll of amnesia {unknown}
Potions
 d - 2 potions of degeneration {unknown}


   Skills:
 + Level 4.9 Fighting
 * Level 6.0 Axes
 - Level 2.4 Armour
 - Level 1.1 Dodging
 + Level 1.5 Shields


You had 4 spell levels left.
You didn't know any spells.
Your spell library was empty.

Dungeon Overview and Level Annotations

Branches:
Dungeon (2/15)

Altars:


Innate Abilities, Weirdness & Mutations

You reflexively headbutt those who attack you in melee.
You have a pair of horns on your head.


Message History

The leopard gecko hisses angrily.
The gnoll shouts!
A kobold comes into view.
You barely miss the gnoll.
The kobold shouts!
You headbutt the gnoll! The gnoll hits you with a +0 whip.
You barely miss the gnoll. Your headbutt misses the gnoll.
You barely miss the gnoll. The gnoll hits you but does no damage.
You block the gnoll's attack. The gnoll closely misses you.
You hit the gnoll. You freeze the gnoll.
You kill the gnoll!
You hit the gnoll but do no damage. You drain the gnoll.
You closely miss the gnoll. The gnoll hits you but does no damage.
The gnoll hits you with a +0 flail.
The leopard gecko bites you but does no damage.
You hit the gnoll but do no damage.
The gnoll is poisoned.
You closely miss the leopard gecko. You hit the gnoll.
You block the gnoll's attack. You block the leopard gecko's attack.
The gnoll hits you with a +0 flail! The gnoll hits you but does no damage.
You hit the gnoll but do no damage. x2; You miss the leopard gecko.
You barely miss the kobold. You block the leopard gecko's attack.
The gnoll hits you with a +0 flail. The kobold hits you but does no damage.
The gnoll barely misses you. You block the leopard gecko's attack.
You hit the gnoll but do no damage.
The gnoll looks as sick as possible!
You headbutt the gnoll. You completely miss the gnoll.
You miss the leopard gecko. You hit the kobold but do no damage.
Lightning courses through the kobold!
You kill the kobold!
The gnoll closely misses you. The leopard gecko closely misses you.
The gnoll barely misses you.
You closely miss the gnoll. Your headbutt misses the gnoll. You hit the gnoll.
You hit the leopard gecko. You block the leopard gecko's attack.
You block the gnoll's attack. The gnoll completely misses you.
The leopard gecko bites you. The gnoll hits you but does no damage.
You barely miss the gnoll. You headbutt the gnoll.
You kill the gnoll!
You hit the leopard gecko. You closely miss the gnoll.
The gnoll hits you with a +0 flail!
* * * LOW HITPOINT WARNING * * *
The leopard gecko bites you.
* * * LOW HITPOINT WARNING * * *
Your Axes skill increases to level 6!
You hit the gnoll but do no damage.
The gnoll seems to grow stronger.
You hit the leopard gecko.
You feel better.
You kill the leopard gecko!
The gnoll hits you with a +0 flail!
* * * LOW HITPOINT WARNING * * *
You hit the gnoll but do no damage. The gnoll hits you with a +0 flail.
* * * LOW HITPOINT WARNING * * *
You hit the gnoll. You burn the gnoll. The gnoll hits you with a +0 flail!
You die...

#..############
#..# ##..########
#...........
#....#####..
#....# #####
#....#
......###....#
......)@.....#
......)g.....#
................
............#...#
............#...#
.........##.# ..#
.........# .# .#
.......... ..


You could see a gnoll (strong).

Vanquished Creatures
  A killer bee (D:1)
  6 gnolls (D:2)
  A worm (D:2)
  2 dart slugs (D:1)
  3 leopard geckos
  6 bats
  3 giant cockroaches
  6 hobgoblins
  5 jackals
  8 kobolds
  4 frilled lizards (D:1)
  2 goblins
  7 rats
54 creatures vanquished.

Notes
Turn   | Place    | Note
-------+----------+-------------------------------------------
     0 | D:1      | vurker the Minotaur Chaos Knight began the quest for the
                  | Orb.
     0 | D:1      | Reached XP level 1. HP: 19/19 MP: 0/0
     0 | D:1      | Fell from the grace of Xom
   149 | D:1      | Reached skill level 4 in Axes
   151 | D:1      | Reached XP level 2. HP: 27/27 MP: 1/1
   167 | D:1      | Noticed a killer bee
   167 | D:1      | a jackal changed into a killer bee
   173 | D:1      | Killed a killer bee
   174 | D:1      | Reached skill level 5 in Axes
   174 | D:1      | Reached XP level 3. HP: 4/34 MP: 2/2
   510 | D:1      | Reached XP level 4. HP: 31/41 MP: 3/3
   752 | D:1      | XOM: noise
   936 | D:2      | XOM: 2-stop teleportation journey
  1112 | D:2      | Reached skill level 1 in Shields
  1203 | D:2      | XOM: 2-stop teleportation journey
  1428 | D:2      | Reached XP level 5. HP: 43/47 MP: 4/4
  1494 | D:2      | XOM: draining
  1552 | D:2      | Reached skill level 6 in Axes
  1553 | D:2      | HP: 2/41 [gnoll/+0 flail (1)]
  1554 | D:2      | Slain by a gnoll

Illustrated notes

Levels and vault maps discovered:
D:1:      wander_arrival_fairy_ring, layout_basic, minmay_pentomino_z4
D:2:      layout_basic, uniq_jessica

Skill      XL: |  1  2  3  4  5 |
---------------+----------------+-----
Axes           | 4 5 6 |  6.0
Fighting       | 4 |  4.9
Shields        | 1 |  1.5
Armour         | |  2.4
Dodging        | |  1.1

Action                   |  1- 3 |  4- 6 || total
-------------------------+-------+-------++-------
Melee: Hand axe          |    47 |    76 ||   123
       Headbutt          |     8 |    13 ||    21
Invok: Renounce Religion |     1 |       ||     1
  Use: Potion            |     1 |       ||     1
Armor: Leather armour    |    32 |    30 ||    62
Dodge: Dodged            |    28 |    39 ||    67
Block: Kite shield       |       |    27 ||    27

Table legend: (Time is in decaauts)
 A = Elapsed time spent in this place.
 B = Non-inter-level travel time spent in this place.
 C = Inter-level travel time spent in this place.
 D = Time resting spent in this place.
 E = Time spent auto-exploring this place.
 F = Levels seen in this place.
 G = Mean time per level.
                   A        B        C        D        E       F      G
               +--------+--------+--------+--------+--------+-----+--------+
         Total |   1579 |   1541 |     38 |      0 |   1210 |   2 |  789.5 |
       Dungeon |   1579 |   1541 |     38 |      0 |   1210 |   2 |  789.5 |
               +--------+--------+--------+--------+--------+-----+--------+

Top non-repeatable levels by time:
     D:1: 914 daAuts
     D:2: 664 daAuts
